 Dungeon Crawl Stone Soup version 0.29-a0-308-g4e025c60ea (webtiles) character file.

Game seed: 12852437445948117069

3 Colgate the Charlatan (level 1, 0/18 HPs)
             Began as a Naga Artificer on Mar 28, 2022.
             Slain by a rat (1 damage)
             ... on level 1 of the Dungeon.
             The game lasted 00:00:21 (78 turns).

Colgate the Charlatan (Naga Artificer)                Turns: 78, Time: 00:00:21

Health: 0/18       AC:  2    Str: 14    XL:     1   Next: 50%
Magic:  1/1        EV:  9    Int: 11    God:
Gold:   10         SH:  0    Dex: 11    Spells: 0/0 levels left

rFire   . . .      SeeInvis +   a - +0 club
rCold   . . .      Faith    .   (no shield)
rNeg    . . .      Spirit   .   b - +0 leather armour
rPois   +          Reflect  .   (no helmet)
rElec   .          Harm     .   (no cloak)
rCorr   .          Rampage  .   (no gloves)
Will    .....                   (no barding)
Stlth   ++........              (no amulet)
HPRegen 0.06/turn               (no ring)
MPRegen 0.07/turn               (no ring)

@: very slow
A: AC +0, large, see invisible, deformed body, poison resistance, slowness 2,
spit poison 1, naga tail 1
a: Spit Poison


You were on level 1 of the Dungeon.
You visited 1 branch of the dungeon, and saw 1 of its levels.

You collected 10 gold pieces.

Inventory:

Hand Weapons
 a - a +0 club (weapon)
Armour
 b - a +0 leather armour (worn)
Wands
 c - a wand of flame (15) (quivered)
 d - a wand of charming (15)
 e - a wand of iceblast (9) {@v2}
Scrolls
 f - a scroll of fog {unknown}


   Skills:
 - Level 1.0 Fighting
 - Level 1.5 Armour
 - Level 0.7 Dodging
 + Level 2.4 Stealth
 - Level 3.0 Evocations


You couldn't memorise any spells.
You didn't know any spells.
Your spell library was empty.

Dungeon Overview and Level Annotations

Branches:
Dungeon (1/15)

Altars:


Innate Abilities, Weirdness & Mutations

Your serpentine skin is tough. (AC +0)
You have supernaturally acute eyesight. (SInv)
Armour fits poorly on your strangely shaped body.
Your system is resistant to poisons. (rPois)
You cover ground very slowly.
You can spit poison.
You have a snake-like lower body.


Message History

You are too injured to fight recklessly!
You are too injured to fight recklessly!
You are too injured to fight recklessly!
You are too injured to fight recklessly!
You are too injured to fight recklessly!
You are too injured to fight recklessly!
You are too injured to fight recklessly!
You are too injured to fight recklessly!
You are too injured to fight recklessly!
You are too injured to fight recklessly!
You are too injured to fight recklessly!
You are too injured to fight recklessly!
You are too injured to fight recklessly!
You are too injured to fight recklessly!
You are too injured to fight recklessly!
You are too injured to fight recklessly!
You are too injured to fight recklessly!
You are too injured to fight recklessly!
You are too injured to fight recklessly!
You barely miss the frilled lizard. The frilled lizard bites you. x2
* * * LOW HITPOINT WARNING * * *
You closely miss the frilled lizard. The frilled lizard closely misses you.
The frilled lizard bites you.
* * * LOW HITPOINT WARNING * * *
You barely miss the frilled lizard. The rat bites you but does no damage.
The frilled lizard barely misses you.
The frilled lizard bites you but does no damage. x2
The frilled lizard barely misses you. The rat bites you.
* * * LOW HITPOINT WARNING * * *
You hit the frilled lizard.
You kill the frilled lizard!
The frilled lizard bites you but does no damage.
The rat bites you.
* * * LOW HITPOINT WARNING * * *
You completely miss the rat. Your punch misses the rat.
The frilled lizard closely misses you. The rat bites you but does no damage.
You barely miss the rat.
The frilled lizard bites you but does no damage.
The rat bites you.
You die...

#.# #.########
#...)....####
#...).......#
###########.###....
.........##........
..........#........
...................
...!..r@...........
......l............
...................
...................
...................
.........##.?......
############..##...
#.. ..


You could see a frilled lizard and a rat.

Vanquished Creatures
  A goblin (D:1)
  2 frilled lizards (D:1)
  A kobold (D:1)
4 creatures vanquished.

Notes
Turn   | Place    | Note
-------+----------+-------------------------------------------
     0 | D:1      | Colgate the Naga Artificer began the quest for the Orb.
     0 | D:1      | Reached XP level 1. HP: 18/18 MP: 1/1
    78 | D:1      | Slain by a rat

Illustrated notes

Levels and vault maps discovered:
D:1:      saegor_arrival_simple_c, layout_rooms,
          hellmonk_ecumenical_altar_leap_of_faith

Skill      XL: |  1 |
---------------+----+-----
Stealth        | 2 |  2.4
Fighting       | |  1.0
Armour         | |  1.5
Dodging        | |  0.7
Evocations     | |  3.0

Action                   || total
-------------------------++-------
Melee: Club              ||    17
Armor: Leather armour    ||     8
Dodge: Dodged            ||    10

Table legend: (Time is in decaauts)
 A = Elapsed time spent in this place.
 B = Non-inter-level travel time spent in this place.
 C = Inter-level travel time spent in this place.
 D = Time resting spent in this place.
 E = Time spent auto-exploring this place.
 F = Levels seen in this place.
 G = Mean time per level.
                   A        B        C        D        E       F      G
               +--------+--------+--------+--------+--------+-----+--------+
         Total |    106 |    106 |      0 |      0 |     62 |   1 |  106.0 |
       Dungeon |    106 |    106 |      0 |      0 |     62 |   1 |  106.0 |
               +--------+--------+--------+--------+--------+-----+--------+

Top non-repeatable levels by time:
     D:1: 106 daAuts
